 Dungeon Crawl Stone Soup version 0.29-a0-486-ga88943ba61 (webtiles) character file.

Game seed: 754252907533434634

6085 Bruhh the Destroyer (level 10, 0/81 HPs)
             Began as an Ogre Earth Elementalist on May 26, 2022.
             Was a Believer of Vehumet.
             Slain by a water moccasin (5 damage)
             ... on level 9 of the Dungeon.
             The game lasted 00:15:17 (15128 turns).

Bruhh the Destroyer (Ogre Earth Elementalist)      Turns: 15128, Time: 00:15:18

Health: 0/81       AC:  3    Str: 14    XL:     10   Next: 88%
Magic:  2/22       EV:  9    Int: 20    God:    Vehumet [**....]
Gold:   574        SH:  0    Dex:  9    Spells: 14/25 levels left

rFire   . . .      SeeInvis .   m - +2 dagger (venom)
rCold   . . .      Faith    .   (no shield)
rNeg    . . .      Spirit   .   b - +0 robe
rPois   .          Reflect  .   (helmet restricted)
rElec   .          Harm     .   (no cloak)
rCorr   .          Rampage  .   (gloves unavailable)
Will    +....                   (boots unavailable)
Stlth   +.........              (no amulet)
HPRegen 0.23/turn               (no ring)
MPRegen 0.18/turn               (no ring)

@: no status effects
A: large, unfitting armour, tough skin 1
a: Renounce Religion


You were on level 9 of the Dungeon.
You worshipped Vehumet.
Vehumet was pleased with you.
You visited 2 branches of the dungeon, and saw 10 of its levels.

You collected 574 gold pieces.

Inventory:

Hand Weapons
 e - a +0 dagger
 f - a +0 spectral short sword
 h - a +0 club
 m - a +2 dagger of venom (weapon)
Missiles
 a - 255 stones
 r - 2 throwing nets
Armour
 b - a +0 robe (worn)
Jewellery
 q - a ring of fire
 v - a ring of protection from cold
 D - a ring of magical power
 F - a +4 ring of slaying
Wands
 i - a wand of flame (31)
 x - a wand of charming (5)
Scrolls
 c - 2 scrolls of teleportation
 d - 3 scrolls of poison
 g - a scroll of immolation
 j - a scroll of enchant weapon
 o - a scroll of amnesia
 u - a scroll of summoning {unknown}
 y - a scroll of brand weapon
 C - 2 scrolls of identify
 G - a scroll of vulnerability {unknown}
Potions
 k - a potion of resistance {unknown}
 l - a potion of attraction {unknown}
 n - 3 potions of curing
 s - a potion of lignification {unknown}
 t - a potion of magic
 w - a potion of ambrosia {unknown}
 A - a potion of haste
 B - 3 potions of mutation {unknown}
 E - a potion of flight {unknown}


   Skills:
 - Level 1.7 Dodging
 - Level 1.4 Stealth
 - Level 8.0 Spellcasting
 + Level 8.6 Conjurations
 - Level 0.8 Transmutations
 + Level 8.6 Earth Magic
 + Level 5.8 Poison Magic


You had 14 spell levels left.
You knew the following spells:

 Your Spells              Type           Power      Damage    Failure   Level
a - Sandblast             Erth           84%        2d18      1%          1
b - Stone Arrow           Conj/Erth      84%        3d12      1%          3
c - Olgreb's Toxic Radia  Pois           31%        N/A       8%          4
d - Ignite Poison         Fire/Tmut/Pois 16%        N/A       11%         3

Your spell library contained the following spells:

 Spells                   Type           Power      Damage    Failure   Level
 Magic Dart               Conj           100%       1d8       1%          1
 Passwall                 Tmut/Erth      22%        N/A       1%          2
 Sting                    Tmut/Pois      84%        1d7       2%          1
 Poisonous Vapours        Pois/Air       38%        N/A       3%          2
 Mephitic Cloud           Conj/Pois/Air  27%        N/A       3%          3
 Petrify                  Tmut/Erth      27%        N/A       12%         4
 Call Imp                 Summ           8%         N/A       13%         2
 Animate Armour           Summ/Erth      50%        N/A       14%         4
 Iron Shot                Conj/Erth      21%        9d5       36%         6
 Summon Lightning Spire   Summ/Air       8%         N/A       63%         4
 Blade Hands              Tmut           5%         N/A       86%         5
 Storm Form               Tmut/Air       4%         N/A       100%        7
 Maxwell's Capacitive Co  Air            4%         ∞         100%        8


Dungeon Overview and Level Annotations

Branches:
Dungeon (9/15)             Temple (1/1) D:4
   Lair: D:8-11         Orc: D:9-12

Altars:
Ashenzari
Cheibriados
Dithmenos
Elyvilon
Fedhas
Gozag
Hepliaklqana
Kikubaaqudgha
Makhleb
Nemelex Xobeh
Okawaru
Qazlal
Ru
Sif Muna
Trog
Uskayaw
Vehumet
Wu Jian
Yredelemnul
Zin
The Shining One

Annotations:
D:6 1 runed translucent door, Crazy Yiuf
D:8 Gastronok


Innate Abilities, Weirdness & Mutations

You are too large for most types of armour.
You have tough skin. (AC +1)


Message History

The water moccasin bites you but does no damage.
An orc priest comes into view. It is wielding a +0 club.
The water moccasin bites you.
* * * LOW HITPOINT WARNING * * *
You are poisoned.
The water moccasin poisons you!
The orc warrior hits you from afar with a +0 glaive.
* * * LOW HITPOINT WARNING * * *
It was a potion of curing.
You feel better.
The orc priest shouts!
The water moccasin bites you but does no damage.
An orc comes into view. It is wielding a +0 mace.
The orc warrior hits you from afar with a +0 glaive!
* * * LOW HITPOINT WARNING * * *
Unknown command.
You feel much better.
The water moccasin bites you but does no damage.
The orc priest calls down the wrath of Beogh upon you.
Beogh smites you!
The orc warrior hits you from afar with a +0 glaive!
* * * LOW HITPOINT WARNING * * *
The orc shouts!
The water moccasin attacks as you move away!
The water moccasin closely misses you. The water moccasin bites you.
* * * LOW HITPOINT WARNING * * *
You are poisoned.
The water moccasin poisons you!
Unknown command.
You feel better. The water moccasin bites you.
* * * LOW HITPOINT WARNING * * *
The orc priest calls down the wrath of Beogh upon you.
Beogh smites you!
* * * LOW HITPOINT WARNING * * *
The orc warrior closely misses you.
As you read the scroll labelled ZOAPTO VAEH, it crumbles to dust.
You hear a loud clanging noise!
It was a scroll of noise.
You hear a shout! x2
The water moccasin barely misses you. The water moccasin bites you.
You die...

............†......#
..[........†.......#
.............##....#
#......††#####...#
###.....## #..##
#....## #..# #...##
#..# ##...# #..#
##...## ##@.#
##...## #.S.#
##...##
#######o#######
#..###
#......)......# ..##
#......)......# ..#
#...o..)......# .##
#......⌠......# .#
#....≈≈.≈≈....# ..#
#....≈...≈....#


You could see an orc warrior, a water moccasin and an orc priest.

Vanquished Creatures
  A hydra (D:9)
  A two-headed ogre (D:8)
  Joseph (D:8)
  Psyche (D:8)
  A hornet (D:8)
  2 steam dragons
  Menkaure (D:7)
  Duvessa (D:7)
  2 water moccasins
  3 orc warriors
  An ice beast (D:6)
  A sky beast (D:7)
  3 ogres
  2 centaurs
  A phantom (D:4)
  A kobold brigand (D:9)
  2 bullfrogs (D:7)
  A gnoll sergeant (D:6)
  A necrophage (D:7)
  3 scorpions
  5 wights (D:8)
  Dowan (D:7)
  15 killer bees
  A howler monkey (D:9)
  2 hounds
  2 jellies
  2 orc priests
  2 gnoll shamans
  4 iguanas
  5 orc wizards
  Robin (D:2)
  12 adders
  25 gnolls
  A shadow imp (D:5)
  An ufetubus (D:4)
  2 worms
  A dart slug (D:4)
  21 orcs
  9 bats
  11 endoplasms
  5 giant cockroaches
  23 goblins
  12 hobgoblins
  9 jackals
  11 kobolds
  3 quokkas
  7 ball pythons
  3 frilled lizards
  10 rats
236 creatures vanquished.

Notes
Turn   | Place    | Note
-------+----------+-------------------------------------------
     0 | D:1      | Bruhh the Ogre Earth Elementalist began the quest for the
                  | Orb.
     0 | D:1      | Reached XP level 1. HP: 16/16 MP: 3/3
   155 | D:1      | Reached XP level 2. HP: 24/24 MP: 3/5
   771 | D:1      | Reached XP level 3. HP: 15/31 MP: 7/7
  2470 | D:2      | Reached XP level 4. HP: 15/39 MP: 9/9
  2993 | D:2      | Noticed Robin
  3536 | D:2      | Killed Robin
  4227 | D:3      | Found a faded altar of an unknown god.
  4547 | D:3      | Found a broken altar of Ashenzari.
  4656 | D:3      | Reached XP level 5. HP: 39/45 MP: 11/11
  5278 | D:3      | Learned a level 3 spell: Stone Arrow
  5410 | D:3      | Found a hazy altar of Hepliaklqana.
  6235 | D:4      | Noticed an ogre
  6300 | D:4      | Found a staircase to the Ecumenical Temple.
  6324 | Temple   | Entered the Ecumenical Temple
  6523 | Temple   | Became a worshipper of Vehumet
  6567 | D:4      | Reached XP level 6. HP: 53/53 MP: 10/13
  6569 | D:4      | Reached skill level 5 in Spellcasting
  6569 | D:4      | Reached skill level 1 in Conjurations
  7054 | D:4      | Found a snail-covered altar of Cheibriados.
  7159 | D:4      | Reached skill level 5 in Earth Magic
  7213 | D:4      | Reached XP level 7. HP: 42/59 MP: 4/14
  7939 | D:5      | Entered Level 5 of the Dungeon
  8246 | D:5      | Reached XP level 8. HP: 67/67 MP: 9/16
  8334 | D:5      | Reached skill level 5 in Conjurations
  8409 | D:5      | Found an iron altar of Okawaru.
  8432 | D:5      | Reached * piety under Vehumet
  8432 | D:5      | Offered knowledge of Freeze by Vehumet.
  8796 | D:5      | Found an ornate altar of the Wu Jian Council.
  9796 | D:6      | Found a runed translucent door.
  9797 | D:6      | Noticed Crazy Yiuf
 10777 | D:7      | Reached XP level 9. HP: 70/74 MP: 9/21
 11169 | D:7      | Noticed Menkaure
 11172 | D:7      | Killed Menkaure
 11173 | D:7      | Reached skill level 1 in Poison Magic
 11425 | D:7      | Noticed Duvessa
 11425 | D:7      | Noticed Dowan
 11430 | D:7      | Killed Duvessa
 11430 | D:7      | Reached ** piety under Vehumet
 11433 | D:7      | Killed Dowan
 11433 | D:7      | Offered knowledge of Foxfire by Vehumet.
 12089 | D:8      | Noticed a two-headed ogre
 12362 | D:8      | Noticed a hornet
 12667 | D:8      | Killed a two-headed ogre
 12668 | D:8      | Reached XP level 10. HP: 81/81 MP: 12/22
 12673 | D:8      | Learned a level 4 spell: Olgreb's Toxic Radiance
 12815 | D:8      | Noticed Gastronok
 13332 | D:8      | Offered knowledge of Ignite Poison by Vehumet.
 13341 | D:7      | Learned a level 3 spell: Ignite Poison
 13678 | D:8      | Noticed Joseph
 13686 | D:8      | Killed Joseph
 13687 | D:8      | Reached skill level 5 in Poison Magic
 13899 | D:8      | Noticed Psyche
 13902 | D:8      | Killed Psyche
 14610 | D:9      | Noticed a seven-headed hydra
 14614 | D:9      | Killed a seven-headed hydra
 14955 | D:9      | Found a glowing silver altar of Zin.
 14955 | D:9      | Found an opulent altar of Gozag.
 14961 | D:9      | Found a shimmering blue altar of Sif Muna.
 14963 | D:9      | Found a glowing golden altar of the Shining One.
 14965 | D:9      | Found a faded altar of an unknown god.
 15127 | D:9      | HP: 4/81 [orc priest/divine providence (13)]
 15128 | D:9      | Slain by a water moccasin

Illustrated notes

Levels and vault maps discovered:
D:1:      dpeg_arrival_subterranean_lakeside_camping, layout_basic,
          serial_forest, infiniplex_forest_join, infiniplex_forest_straight_3,
          infiniplex_forest_fountain, infiniplex_forest_lined_2,
          infiniplex_forest_straight_3, infiniplex_forest_pool,
          infiniplex_forest_corner_1, infiniplex_forest_lined_2
D:2:      minmay_chambers_of_twos, layout_loops_ring, minmay_fountain_box,
          uniq_robin
D:3:      layout_loops_cross, nicolae_overflow_crystal_walls,
          nicolae_hepliaklqana_hippocampus, ebering_ecumenical_altar_mist,
          chequers_jeans, minmay_fractal_squares_diagonal_5
D:4:      layout_rooms, kennysheep_slug_shrine, temple_fountains
D:5:      layout_rooms, general_overflow_altar, kennysheep_little_box,
          sigmund_army
D:6:      layout_basic, kennysheep_small_circle, uniq_crazy_yiuf_cottage
D:7:      layout_basic, uniq_duvessa, uniq_menkaure
D:8:      layout_loops_cross, uniq_gastronok, uniq_maggie, uniq_psyche,
          uniq_joseph
D:9:      layout_layer_cave, chequers_temple_overflow_minitemple,
          kennysheep_generic_room_2
Temple:   chequers_temple_sunken

Skill      XL: |  1  2  3  4  5  6  7  8  9 10 |
---------------+-------------------------------+-----
Earth Magic    | 3 4 5 7 8 |  8.6
Spellcasting   | 3 4 5 8 |  8.0
Conjurations   | 3 4 5 7 8 |  8.6
Poison Magic   | 4 5 |  5.8
Dodging        | |  1.7
Stealth        | |  1.4
Transmutations | |  0.8

Action                   |  1- 3 |  4- 6 |  7- 9 | 10-12 || total
-------------------------+-------+-------+-------+-------++-------
Melee: Unarmed           |    17 |       |       |       ||    17
       Dagger            |    37 |   107 |    11 |     3 ||   158
       Short sword       |   111 |     4 |    11 |       ||   126
       Club              |       |    71 |       |       ||    71
 Cast: Sandblast         |    39 |    60 |     4 |     1 ||   104
       Stone Arrow       |       |     2 |   135 |    42 ||   179
       Olgreb's Toxic Ra |       |       |       |    15 ||    15
       Ignite Poison     |       |       |       |     8 ||     8
  Use: Potion            |     1 |       |       |     5 ||     6
       Scroll            |       |     3 |     4 |     3 ||    10
 Stab: Sleeping          |     2 |     1 |       |       ||     3
Armor: Robe              |    76 |    43 |     1 |     6 ||   126
Dodge: Dodged            |   131 |   100 |    38 |    22 ||   291

Table legend: (Time is in decaauts)
 A = Elapsed time spent in this place.
 B = Non-inter-level travel time spent in this place.
 C = Inter-level travel time spent in this place.
 D = Time resting spent in this place.
 E = Time spent auto-exploring this place.
 F = Levels seen in this place.
 G = Mean time per level.
                   A        B        C        D        E       F      G
               +--------+--------+--------+--------+--------+-----+--------+
         Total |  15263 |  14746 |    517 |   2486 |  10572 |  10 | 1526.3 |
       Dungeon |  14978 |  14516 |    462 |   2486 |  10355 |   9 | 1664.2 |
        Temple |    285 |    230 |     55 |      0 |    216 |   1 |  285.0 |
               +--------+--------+--------+--------+--------+-----+--------+

Top non-repeatable levels by time:
     D:3: 2939 daAuts
     D:7: 2216 daAuts
     D:1: 2073 daAuts
     D:2: 1585 daAuts
     D:6: 1448 daAuts
     D:4: 1398 daAuts
     D:8: 1352 daAuts
     D:5: 1318 daAuts
     D:9: 644 daAuts
  Temple: 285 daAuts
